 Dungeon Crawl Stone Soup version 0.22.1-1-ga44c0e56f4 (webtiles) character file.

65 KamiKatze the Shooter (level 3, -1/30 HPs)
             Began as a Centaur Hunter on Sept 19, 2018.
             Slain by a hobgoblin
             ... wielding a +0 quarterstaff
             ... led by Robin
              (6 damage)
             ... on level 2 of the Dungeon on Nov 2, 2018.
             The game lasted 00:10:14 (906 turns).

KamiKatze the Shooter (Centaur Hunter)               Turns: 906, Time: 00:10:15

Health: -1/30      AC:  6    Str: 15    XL:     3   Next: 94%
Magic:  3/3        EV:  9    Int: 10    God:
Gold:   57         SH:  0    Dex:  9    Spells: 2/2 levels left

rFire    . . .     SeeInvis .   b - +0 short sword
rCold    . . .     Gourm    .   (no shield)
rNeg     . . .     Faith    .   c - +0 leather armour
rPois    .         Spirit   .   (no helmet)
rElec    .         Reflect  .   k - scarf {cloud immunity}
rCorr    .         Harm     .   j - +1 pair of gloves
MR       +....                  (no barding)
Stlth    +.........             (no amulet)
HPRegen  0.10/turn              e - ring of protection from magic
MPRegen  0.08/turn              (no ring)

@: very quick
A: large, hooves 3, deformed body, speed 2, tough skin 3
a: no special abilities


You were on level 2 of the Dungeon.
You were not hungry.

You visited 1 branch of the dungeon, and saw 2 of its levels.

You collected 57 gold pieces.

Inventory:

Hand Weapons
 a - a +1 shortbow
 b - a +0 short sword (weapon)
Missiles
 d - 38 arrows
Armour
 c - a +0 leather armour (worn)
 j - a +1 pair of gloves (worn)
 k - a scarf of cloud immunity (worn)
 l - a +2 helmet
Jewellery
 e - a ring of protection from magic (left hand)
Scrolls
 g - a scroll of fear
 i - a scroll of teleportation
Potions
 h - a potion of heal wounds
 n - a potion of brilliance {unknown}
Comestibles
 f - 4 rations
 m - 3 chunks of flesh


   Skills:
 + Level 2.5 Fighting
 * Level 6.2 Bows
 + Level 1.0 Armour
 + Level 1.8 Dodging
 - Level 0.4 Stealth


You had 2 spell levels left.
You didn't know any spells.
Your spell library was empty.

Dungeon Overview and Level Annotations

Branches:
Dungeon (2/15)

Altars:


Innate Abilities, Weirdness & Mutations

You have hooves in place of feet.
Armour fits poorly on your strangely shaped body.
You cover ground very quickly.
You have extremely tough skin. (AC +3)


Message History

There is an open door here.
d - 38 arrows (gained 1)
Items here: ) [[ † a trident; an animal skin; a runed helmet; the hobgoblin corpse of Robin
l - a runed helmet
There is an open door here.
Things that are here:
an arrow; a club; a scroll labeled ZENWIMMINIW
There is an open door here.
Things that are here:
a trident; an animal skin; the hobgoblin corpse of Robin The hobgoblin hits you with a quarterstaff.
* * * LOW HITPOINT WARNING * * *
You hit the hobgoblin. Your kick misses the hobgoblin.
The hobgoblin is heavily wounded.
The hobgoblin hits you but does no damage.
You barely miss the hobgoblin.
The hobgoblin is heavily wounded.
The hobgoblin hits you with a quarterstaff.
You die...

.....# #.###.## #........# #.#..#
### #.# ####.##### .....# #.#
##.#### #.#.## ##'## #.....#
#†#.# ##...## #..##.# †.).#
##.....## #..##.# #.#.#
##.......###..#..# #....#
#.........##.....######## #......
+.>.....@g'(.....))().g..
#....####.........##.#...########
###..# ##.......###.....# #.#
##.....## #####.# .# ##...## #..#
##+## ##.# .# .#


You could see a hobgoblin.

Vanquished Creatures
  Robin (D:2)
  2 oozes (D:1)
  2 dart slugs (D:1)
  A leopard gecko (D:1)
  9 goblins
  6 hobgoblins
  8 kobolds
  3 bats (D:1)
  3 frilled lizards (D:1)
  8 rats
43 creatures vanquished.

Notes
Turn   | Place    | Note
-------+----------+-------------------------------------------
     0 | D:1      | KamiKatze the Centaur Hunter began the quest for the Orb.
     0 | D:1      | Reached XP level 1. HP: 17/17 MP: 1/1
    68 | D:1      | Reached XP level 2. HP: 15/24 MP: 2/2
   440 | D:1      | Reached XP level 3. HP: 11/30 MP: 3/3
   601 | D:1      | Reached skill level 6 in Bows
   805 | D:2      | Noticed Robin
   861 | D:2      | Killed Robin
   861 | D:2      | Reached skill level 1 in Armour
   906 | D:2      | Slain by a hobgoblin

Skill      XL: |  1  2  3 |
---------------+----------+-----
Bows           | 6 |  6.2
Armour         | 1 |  1.0
Fighting       | |  2.5
Dodging        | |  1.8
Stealth        | |  0.4

Action                   || total
-------------------------++-------
Melee: Short sword       ||   136
       Kick              ||    17
 Fire: Shortbow          ||     9
  Use: Scroll            ||     4
Armor: Leather armour    ||    63
Dodge: Dodged            ||    76
